 Dungeon Crawl Stone Soup version 0.18.1-8-gdd0e5ea (webtiles) character file.

91 mindo the Conjurer (level 4, -6/24 HPs)
             Began as a Deep Elf Conjurer on June 11, 2016.
             Killed by divine providence
             ... invoked by an orc priest
              (9 damage)
             ... on level 3 of the Dungeon.
             The game lasted 00:07:43 (2024 turns).

mindo the Conjurer (Deep Elf Conjurer)              Turns: 2024, Time: 00:07:45

Health: -6/24      AC:  2    Str:  5    XL:     4   Next: 33%
Magic:  8/11       EV: 13    Int: 21    God:
Gold:   46         SH:  0    Dex: 15    Spells: 2 memorised, 7 levels left

rFire  . . .     SeeInvis .     h - +1 short sword (drain)
rCold  . . .     Gourm    .     a - +0 robe
rNeg   . . .     Faith    .     (no shield)
rPois  .         Spirit   .     (no helmet)
rElec  .         Dismiss  .     (no cloak)
rCorr  .         Reflect  .     (no gloves)
SustAt .         Harm     .     (no boots)
MR     .....                    (no amulet)
Stlth  ++........               (no ring)
                                (no ring)

@: not resistant to hostile enchantments, unstealthy
A: no striking features
a: no special abilities


You were on level 3 of the Dungeon.
You were full.

You visited 1 branch of the dungeon, and saw 3 of its levels.

You collected 46 gold pieces.

Inventory:

Hand Weapons
 h - a +1 short sword of draining (weapon)
 s - a +1 falchion of holy wrath
Armour
 a - a +0 robe (worn)
Jewellery
 e - a +2 ring of protection {unknown}
Scrolls
 d - a scroll of recharging {unknown}
 k - a scroll of noise {unknown}
 m - 2 scrolls of fear {unknown}
 n - a scroll of enchant weapon
 o - 2 scrolls of fog {unknown}
 p - 3 scrolls of identify {unknown}
 q - a scroll of amnesia {unknown}
Potions
 g - a potion of haste {unknown}
 i - 2 potions of might {unknown}
 l - a potion of cancellation {unknown}
 r - 2 potions of curing {unknown}
 t - a potion of mutation {unknown}
 u - a potion of heal wounds {unknown}
Books
 b - a book of Conjurations

   Spells                             Type                      Level
   a - Magic Dart                     Conjuration                  1
   b - Searing Ray                    Conjuration                  2
   c - Dazzling Spray                 Conjuration/Hexes            3
   d - Fulminant Prism                Conjuration/Hexes            4
   e - Iskenderun's Mystic Blast      Conjuration                  4
   f - Iskenderun's Battlesphere      Conjuration/Charms           5
Comestibles
 c - 2 bread rations
 f - 2 meat rations
 j - a fruit


   Skills:
 - Level 2.4 Dodging
 + Level 2.9 Stealth
 + Level 3.9 Spellcasting
 + Level 5.8 Conjurations


You had 7 spell levels left.
You knew the following spells:

 Your Spells              Type           Power        Failure   Level  Hunger
a - Magic Dart            Conj           ####         1%          1    None
b - Searing Ray           Conj           ####..       1%          2    #......


Dungeon Overview and Level Annotations

Branches:
Dungeon (3/15)

Altars:


Message History

An orc priest comes into view. It is wielding a falchion.
The orc priest shouts!
An orc comes into view. It is wielding a club.
Casting: Magic Dart
Confirm with . or Enter, or press ? or * to list all spells.
Aiming: Searing Ray
Press: ? - help, Shift-Dir - straight line, f - orc priest
Aim: an orc priest, wielding a falchion and wearing a runed leather armour The searing ray hits the orc.
The orc is heavily wounded.
The orc hits you with a whip!
The orc priest mumbles some strange prayers to Beogh against you.
Beogh smites you!
Ouch! That really hurt!
* * * LOW HITPOINT WARNING * * *
The searing ray hits the orc.
You kill the orc!
The orc priest mumbles some strange prayers to Beogh against you.
Beogh smites you!
You die...

#....#.##.## ##..##.#...##.....†.
#..###.###.###.#.##.....#######..
#......# ##...##.####..########..
##.##### ######.####............
#.#############.......#####..#..
#..............#####..#####..#..
########..####.# #..##........
#...####.#####..##.##..###
#........@)..o.o..........
#...####.#########.###....
###.####.# #.# .### #...>..#
#.###.##! ######## #.o..o...
###.#o... #.####o ..# #.##


You could see an orc priest and an orc.

Vanquished Creatures
  4 adders
  A worm (D:3)
  2 dart slugs (D:1)
  4 orcs (D:3)
  A giant cockroach (D:2)
  4 hobgoblins
  4 jackals (D:2)
  5 kobolds
  A ball python (D:2)
  6 bats
  3 giant newts
  5 goblins
  6 rats
46 creatures vanquished.

Notes
Turn   | Place    | Note
--------------------------------------------------------------
     0 | D:1      | mindo the Deep Elf Conjurer began the quest for the Orb.
     0 | D:1      | Reached XP level 1. HP: 10/10 MP: 6/6
   377 | D:1      | Reached XP level 2. HP: 15/15 MP: 2/8
   381 | D:1      | Learned a level 2 spell: Searing Ray
   619 | D:1      | Reached skill level 5 in Conjurations
  1364 | D:2      | Reached XP level 3. HP: 16/19 MP: 5/9
  1685 | D:3      | Reached XP level 4. HP: 24/24 MP: 1/11
  2024 | D:3      | Killed from afar by an orc priest

Skill      XL: |  1  2 |
---------------+-------+-----
Conjurations   | 5 |  5.8
Dodging        | |  2.4
Stealth        | |  2.9
Spellcasting   | |  3.9

Action                   |  1- 3 |  4- 6 || total
-------------------------+-------+-------++-------
Melee: Short sword       |       |     3 ||     3
 Cast: Magic Dart        |    58 |    10 ||    68
       Searing Ray       |     4 |     3 ||     7
  Use: Scroll            |     1 |       ||     1
  Eat: Pizza             |     1 |       ||     1
       Fruit             |     1 |       ||     1
       Meat ration       |       |     1 ||     1
Armor: Robe              |     2 |       ||     2
Dodge: Dodged            |    14 |     4 ||    18
